 Dungeon Crawl Stone Soup version 0.32-a0-656-g3542139ebd (webtiles) character file.

Game seed: 10301396098841009347

68 Fodor the Trooper (level 4, -3/41 HPs)
             Began as a Minotaur Fighter on Mar 8, 2024.
             Killed from afar by Ijyb (7 damage)
             ... with a puff of flame
             ... on level 3 of the Dungeon.
             The game lasted 00:03:17 (1683 turns).

Fodor the Trooper (Minotaur Fighter)                Turns: 1683, Time: 00:03:18

Health: -3/41      AC:  7    Str: 23    XL:     4   Next: 1%
Magic:  3/3        EV:  9    Int:  5    God:
Gold:   121        SH:  4    Dex:  9    Spells: 3/3 levels left

rFire   . . .        a - +0 war axe
rCold   . . .        c - +0 buckler
rNeg    . . .        b - +0 scale mail
rPois   .            (helmet restricted)
rElec   .            (no cloak)
rCorr   .            (no gloves)
SInv    .            (no boots)
Will    .....        (no amulet) Stlth
                     (no ring)
HPRegen 0.26/turn    (no ring)
MPRegen 0.08/turn

%: no passive effects
@: no status effects
A: horns 2, retaliatory headbutt
a: no special abilities


You were on level 3 of the Dungeon.
You visited 1 branch of the dungeon, and saw 3 of its levels.

You collected 121 gold pieces.

Inventory:

Hand Weapons
 a - a +0 war axe (weapon)
Armour
 b - a +0 scale mail (worn)
 c - a +0 buckler (worn)
Jewellery
 p - a ring of positive energy
Scrolls
 e - 2 scrolls of vulnerability {unknown}
 f - 3 scrolls of fear {unknown}
 g - a scroll of fog {unknown}
 h - a scroll of blinking {unknown}
 k - a scroll of immolation {unknown}
 l - 3 scrolls of identify {unknown}
 m - a scroll of poison {unknown}
Potions
 d - a potion of might
 i - 3 potions of heal wounds {unknown}
 j - a potion of haste {unknown}
 n - 2 potions of curing {unknown}
 o - a potion of berserk rage {unknown}


   Skills:
 + Level 4.5 Fighting
 + Level 3.2 Axes
 + Level 4.2 Armour
 + Level 0.1 Dodging
 + Level 4.1 Shields


You had 3 spell levels left.
You didn't know any spells.
Your spell library was empty.

Dungeon Overview and Level Annotations

Branches:
Dungeon (3/15)

Altars:

Annotations:
D:3 Ijyb


Innate Abilities, Weirdness & Mutations

You have a pair of horns on your head.
You reflexively headbutt those who attack you in melee.


Message History

The ribbon worm barely misses you. You furiously retaliate!
You headbutt the ribbon worm! You barely miss the ribbon worm.
The ribbon worm is severely wounded.
The ribbon worm bites you.
You slash the ribbon worm!
You kill the ribbon worm!
You see here a ribbon worm corpse.
p - a ring of positive energy A goblin comes into view.
It is wielding a +0 club.
The goblin shouts!
Ijyb the Inquisitive comes into view.
She is wielding a +0 club and carrying a wand of flame.
Ijyb zaps a wand.
The puff of flame hits you! The goblin hits you but does no damage.
You hit the goblin.
The goblin is moderately wounded.
The goblin hits you with a +0 club. x2; Ijyb hits you with a +0 club.
You barely miss the goblin.
The goblin is moderately wounded.
You hit Ijyb. The goblin barely misses you.
Ijyb grins evilly.
Ijyb closely misses you.
You slash the goblin!
You kill the goblin!
You hit Ijyb but do no damage. Ijyb hits you but does no damage.
Ijyb hits you with a +0 club.
You have reached level 4!
You feel stronger.
You hit Ijyb.
Ijyb is lightly wounded.
Ijyb hits you but does no damage.
You hit Ijyb but do no damage.
Ijyb is lightly wounded.
Ijyb zaps a wand.
The puff of flame hits you!
* * * LOW HITPOINT WARNING * * *
You slash Ijyb!
Ijyb is severely wounded.
Ijyb zaps a wand.
The puff of flame hits you!
You die...
Ijyb moans, "Good help so hard to find!"

##.#####.#.#.#...#.#
# #.#
#.###.###.#.#.# #.#
#.............# #.#
............# ..#
#.#.#.#.###.... ...
# #.#.# ... ..#
###.###.###...#
............#.#
......g@......#
#.#.###)###...# #
#.# ..# #.# .# ... #
###


You could see Ijyb.

Vanquished Creatures
  2 adders (D:2)
  A dart slug (D:2)
  A ribbon worm (D:3)
  2 ball pythons
  4 bats (D:1)
  3 endoplasms
  3 giant cockroaches
  3 hobgoblins
  7 jackals (D:1)
  3 quokkas
  2 frilled lizards (D:1)
  3 goblins
  5 kobolds
  4 rats
43 creatures vanquished.

Notes
Turn   | Place    | Note
-------+----------+-------------------------------------------
     0 | D:1      | Fodor the Minotaur Fighter began the quest for the Orb.
     0 | D:1      | Reached XP level 1. HP: 19/19 MP: 0/0
   199 | D:1      | Reached XP level 2. HP: 27/27 MP: 1/1
   719 | D:1      | Reached XP level 3. HP: 22/33 MP: 2/2
  1675 | D:3      | Noticed Ijyb
  1681 | D:3      | Reached XP level 4. HP: 15/41 MP: 3/3
  1683 | D:3      | Killed from afar by Ijyb

Illustrated notes

Levels and vault maps discovered:
D:1:      dpeg_arrival_lava_altar, layout_basic
D:2:      layout_loops_ring
D:3:      layout_loops_corners, minmay_misc_feat_nine_boxes,
          minmay_starry_boxes, uniq_ijyb

Skill      XL: |  1  2  3 |
---------------+----------+-----
Shields        | 4 |  4.1
Armour         | 4 |  4.2
Fighting       | 4 |  4.5
Axes           | 3 |  3.2
Dodging        | |  0.1

Action                     |  1- 3 |  4- 6 || total
---------------------------+-------+-------++-------
  Melee: War axe           |   103 |     3 ||   106
         Headbutt          |     9 |       ||     9
 Armour: Scale mail        |    78 |     3 ||    81
  Dodge: Dodged            |    48 |       ||    48
  Block: Buckler           |    21 |       ||    21

Table legend: (Time is in decaauts)
 A = Elapsed time spent in this place.
 B = Non-inter-level travel time spent in this place.
 C = Inter-level travel time spent in this place.
 D = Time resting spent in this place.
 E = Time spent auto-exploring this place.
 F = Levels seen in this place.
 G = Mean time per level.
                   A        B        C        D        E       F      G
               +--------+--------+--------+--------+--------+-----+--------+
         Total |   1723 |   1708 |     15 |      0 |   1257 |   3 |  574.3 |
       Dungeon |   1723 |   1708 |     15 |      0 |   1257 |   3 |  574.3 |
               +--------+--------+--------+--------+--------+-----+--------+

Top non-repeatable levels by time:
     D:1: 964 daAuts
     D:2: 697 daAuts
     D:3: 61 daAuts
